EL
SPRINGFIELD CARDINALS @ MISSISSIPPI BRAVES
10/17/2046
 
TOP OF THE 1ST
Coastal Carolina University Chanticleers batting - Pitching for Mississippi State University Bulldogs : RHP Ricky Yerzy
Pitching: RHP Ricky Yerzy
Batting: LHB Orlando Rivera 0-0: Swinging Strike
0-1: Ground out 4-3 (Groundball, 4, EV 81.3 MPH)
Batting: RHB Steve Hutchins 0-0: Fly out, F4 (Flyball, 4D, EV 86.3 MPH)
Batting: RHB Kinzo Yokoyama 0-0: Ball
1-0: Ball
2-0: SINGLE (Flyball, 9LS, EV 90.6 MPH)
Batting: RHB Robbie Gomez 0-0: Ball
Kinzo Yokoyama steals 2nd base
1-0: Ground out 6-3 (Groundball, 6, EV 101.9 MPH)
Top of the 1st over - 0 runs, 1 hit, 0 errors, 1 left on base; Coastal Carolina University 0 - Mississippi State University 0
BOTTOM OF THE 1ST
Mississippi State University Bulldogs batting - Pitching for Coastal Carolina University Chanticleers : RHP Justin Holdeman
Pitching: RHP Justin Holdeman
Batting: RHB Michael Diez 0-0: SINGLE (Line Drive, 78S, EV 90.6 MPH)
Batting: RHB Bill Barger 0-0: Ball
1-0: Called Strike
1-1: Swinging Strike
1-2: Foul Ball, location: 2F
1-2: Ball
2-2: Foul Ball, location: 2F
2-2: Foul Ball, location: 2F
2-2: Ball
3-2: Foul Ball, location: 2F
3-2: Ground out 4-3 (Groundball, 4, EV 93.1 MPH)
Michael Diez to second
Batting: LHB Rich Matthews 0-0: DOUBLE (Line Drive, 7LS, EV 107.5 MPH)
Michael Diez scores
Batting: RHB Alain Marquet 0-0: Ball
1-0: Foul Ball, location: 2F
1-1: Hit by Pitch
Batting: RHB Axel Moltke 0-0: Called Strike
0-1: Ball
1-1: Fielders Choice at 2nd, 4-6 (Groundball, 4M, EV 90.6 MPH)
Rich Matthews to third
Batting: LHB Rich Walker 0-0: Ball
1-0: Ball
Wild Pitch!
Rich Matthews scores
Axel Moltke to second
2-0: Ball
3-0: Base on Balls
Batting: RHB Kazuki Arai 0-0: Ball
1-0: Foul Ball, location: 2F
1-1: Ball
2-1: Foul Ball, location: 2F
2-2: Ball
3-2: Fly out, F6 (Line Drive, 6, EV 67.5 MPH)
Bottom of the 1st over - 2 runs, 2 hits, 0 errors, 2 left on base; Coastal Carolina University 0 - Mississippi State University 2
TOP OF THE 2ND
Coastal Carolina University Chanticleers batting - Pitching for Mississippi State University Bulldogs : RHP Ricky Yerzy
Batting: RHB Ch'ang-chieh Hsia 0-0: Called Strike
0-1: Ball
1-1: Foul Ball, location: 2F
1-2: SINGLE (Line Drive, 6M, EV 94.4 MPH)
Batting: RHB Tony Cabrera 0-0: Ball
1-0: Ball
2-0: Fielders Choice at 2nd, 6-4 (Groundball, 6, EV 108.1 MPH)
Batting: RHB Robby Herrera 0-0: Ball
1-0: SINGLE (Groundball, 56D, EV 102.5 MPH)
Tony Cabrera to second
Batting: SHB Tyler Maddux 0-0: Fly out, F8 (Flyball, 8LD, EV 85.0 MPH)
Batting: RHB Wiliama Dana 0-0: Fly out, F7 (Flyball, 7S, EV 83.8 MPH)
Top of the 2nd over - 0 runs, 2 hits, 0 errors, 2 left on base; Coastal Carolina University 0 - Mississippi State University 2
BOTTOM OF THE 2ND
Mississippi State University Bulldogs batting - Pitching for Coastal Carolina University Chanticleers : RHP Justin Holdeman
Batting: RHB Juan Zamora 0-0: Swinging Strike
0-1: Ball
1-1: Ball
2-1: Foul Ball, location: 2F
2-2: Foul Ball, location: 2F
2-2: Ball
3-2: Strikes out swinging
Batting: RHB Jim Unknown 0-0: Called Strike
0-1: Foul Ball, location: 2F
0-2: Fly out, F9 (Line Drive, 9, EV 105.6 MPH)
Batting: RHB Michael Diez 0-0: Called Strike
0-1: Called Strike
0-2: Ground out 6-3 (Groundball, 56, EV 89.4 MPH)
Bottom of the 2nd over - 0 runs, 0 hits, 0 errors, 0 left on base; Coastal Carolina University 0 - Mississippi State University 2
TOP OF THE 3RD
Coastal Carolina University Chanticleers batting - Pitching for Mississippi State University Bulldogs : RHP Ricky Yerzy
Batting: LHB Orlando Rivera 0-0: Fly out, F7 (Line Drive, 7D, EV 91.3 MPH)
Batting: RHB Steve Hutchins 0-0: Ball
1-0: Ball
2-0: Ball
3-0: Called Strike
3-1: Base on Balls
Batting: RHB Kinzo Yokoyama 0-0: Grounds into double play, 6-4-3 (Groundball, 56, EV 83.1 MPH)
Top of the 3rd over - 0 runs, 0 hits, 0 errors, 0 left on base; Coastal Carolina University 0 - Mississippi State University 2
BOTTOM OF THE 3RD
Mississippi State University Bulldogs batting - Pitching for Coastal Carolina University Chanticleers : RHP Justin Holdeman
Batting: RHB Bill Barger 0-0: Foul Ball, location: 2F
0-1: Ground out 5-3 (Groundball, 5, EV 97.5 MPH)
Batting: LHB Rich Matthews 0-0: Called Strike
0-1: Foul Ball, location: 2F
0-2: SINGLE (Line Drive, 8LS, EV 108.1 MPH)
Batting: RHB Alain Marquet 0-0: Ball
1-0: Called Strike
1-1: Ball
2-1: Ball
3-1: Foul Ball, location: 2F
3-2: Foul Ball, location: 2F
3-2: Foul Ball, location: 2F
3-2: Base on Balls
Rich Matthews to second
Batting: RHB Axel Moltke 0-0: Called Strike
0-1: Ball
1-1: Foul Ball, location: 2F
1-2: Fly out, F7 (Line Drive, 7, EV 91.3 MPH)
Batting: LHB Rich Walker 0-0: Ball
1-0: Foul Ball, location: 2F
1-1: Foul Ball, location: 2F
1-2: Ball
2-2: Ball
3-2: SINGLE (Line Drive, 8LS, EV 109.4 MPH)
Rich Matthews to third
Alain Marquet to second
Rich Matthews scores
Alain Marquet to third
Batting: RHB Kazuki Arai 0-0: Called Strike
0-1: Foul Ball, location: 2F
0-2: Ball
1-2: Foul Ball, location: 2F
1-2: Ball
2-2: SINGLE (Flyball, 4MD, EV 91.3 MPH)
Alain Marquet scores
Rich Walker to second
Runner from 2nd tries for 3rd, SAFE, throw by CF made to third
Batting: RHB Juan Zamora 0-0: Ball
1-0: Ball
2-0: Ball
3-0: Called Strike
3-1: Ground out 4-3 (Groundball, 4, EV 92.5 MPH)
Bottom of the 3rd over - 2 runs, 3 hits, 0 errors, 2 left on base; Coastal Carolina University 0 - Mississippi State University 4
TOP OF THE 4TH
Coastal Carolina University Chanticleers batting - Pitching for Mississippi State University Bulldogs : RHP Ricky Yerzy
Batting: RHB Robbie Gomez 0-0: Called Strike
0-1: Ball
1-1: Fly out, F9 (Flyball, 89D, EV 102.5 MPH)
Batting: RHB Ch'ang-chieh Hsia 0-0: Foul Ball, location: 2F
0-1: Ball
1-1: Foul Ball, location: 2F
1-2: Strikes out swinging
Batting: RHB Tony Cabrera 0-0: Ball
1-0: Ground out 5-3 (Groundball, 25, EV 86.3 MPH)
Top of the 4th over - 0 runs, 0 hits, 0 errors, 0 left on base; Coastal Carolina University 0 - Mississippi State University 4
BOTTOM OF THE 4TH
Mississippi State University Bulldogs batting - Pitching for Coastal Carolina University Chanticleers : RHP Justin Holdeman
Pitching: RHP Cody Wilharm
Batting: RHB Jim Unknown 0-0: Foul Ball, location: 2F
0-1: Swinging Strike
0-2: Strikes out swinging
Batting: RHB Michael Diez 0-0: Ball
1-0: Fly out, F7 (Line Drive, 7, EV 100.6 MPH)
Batting: RHB Bill Barger 0-0: Ball
1-0: Swinging Strike
1-1: Called Strike
1-2: Foul Ball, location: 2F
1-2: Strikes out swinging
Bottom of the 4th over - 0 runs, 0 hits, 0 errors, 0 left on base; Coastal Carolina University 0 - Mississippi State University 4
TOP OF THE 5TH
Coastal Carolina University Chanticleers batting - Pitching for Mississippi State University Bulldogs : RHP Ricky Yerzy
Pitching: RHP Jake Priest
Batting: RHB Robby Herrera 0-0: Ball
1-0: Ball
2-0: Called Strike
2-1: Foul Ball, location: 2F
2-2: Fly out, F8 (Flyball, 89D, EV 91.3 MPH)
Batting: SHB Tyler Maddux 0-0: Called Strike
0-1: Ball
1-1: Foul Ball, location: 2F
1-2: Ball
2-2: Ball
3-2: SINGLE (Groundball, 6S, EV 76.3 MPH) (infield hit)
Batting: RHB Wiliama Dana 0-0: Called Strike
0-1: Foul Ball, location: 2F
0-2: Strikes out looking
Batting: LHB Orlando Rivera 0-0: Swinging Strike
0-1: Ball
Tyler Maddux steals 2nd base
1-1: Foul Ball, location: 2F
1-2: Ball
2-2: TRIPLE (Line Drive, 89XD, EV 105.0 MPH)
Tyler Maddux scores
Batting: RHB Steve Hutchins 0-0: Called Strike
0-1: Ball
1-1: Called Strike
1-2: Strikes out swinging
Top of the 5th over - 1 run, 2 hits, 0 errors, 1 left on base; Coastal Carolina University 1 - Mississippi State University 4
BOTTOM OF THE 5TH
Mississippi State University Bulldogs batting - Pitching for Coastal Carolina University Chanticleers : RHP Cody Wilharm
Batting: LHB Rich Matthews 0-0: Fly out, F4 (Popup, 3S, EV 77.5 MPH)
Batting: RHB Alain Marquet 0-0: Called Strike
0-1: Ball
1-1: Called Strike
1-2: Foul Ball, location: 2F
1-2: Foul Ball, location: 2F
1-2: Ball
2-2: Foul Ball, location: 2F
2-2: Strikes out swinging
Batting: RHB Axel Moltke 0-0: Ball
1-0: Ball
2-0: Ground out 6-3 (Groundball, 6, EV 93.1 MPH)
Bottom of the 5th over - 0 runs, 0 hits, 0 errors, 0 left on base; Coastal Carolina University 1 - Mississippi State University 4
TOP OF THE 6TH
Coastal Carolina University Chanticleers batting - Pitching for Mississippi State University Bulldogs : RHP Jake Priest
Batting: RHB Kinzo Yokoyama 0-0: Fly out, F8 (Flyball, 89D, EV 96.3 MPH)
Batting: RHB Robbie Gomez 0-0: Fly out, F9 (Flyball, 9S, EV 75.6 MPH)
Batting: RHB Justin Dunham 0-0: Ball
1-0: Ball
2-0: Called Strike
2-1: Ground out 6-3 (Groundball, 6MS, EV 90.6 MPH)
Top of the 6th over - 0 runs, 0 hits, 0 errors, 0 left on base; Coastal Carolina University 1 - Mississippi State University 4
BOTTOM OF THE 6TH
Mississippi State University Bulldogs batting - Pitching for Coastal Carolina University Chanticleers : RHP Cody Wilharm
Batting: LHB Rich Walker 0-0: Ball
1-0: Foul Ball, location: 2F
1-1: Ball
2-1: Ball
3-1: Foul Ball, location: 2F
3-2: Foul Ball, location: 2F
3-2: Strikes out swinging
Batting: RHB Kazuki Arai 0-0: Ball
1-0: Called Strike
1-1: Foul Ball, location: 2F
1-2: Strikes out swinging
Batting: RHB Juan Zamora 0-0: Swinging Strike
0-1: Called Strike
0-2: Strikes out swinging
Bottom of the 6th over - 0 runs, 0 hits, 0 errors, 0 left on base; Coastal Carolina University 1 - Mississippi State University 4
TOP OF THE 7TH
Coastal Carolina University Chanticleers batting - Pitching for Mississippi State University Bulldogs : RHP Jake Priest
Pitching: RHP Boboy Cacabelos
Pinch Hitting: LHB Bill Byford 0-0: Ball
1-0: Foul Ball, location: 2F
1-1: SINGLE (Groundball, 56S, EV 73.1 MPH) (infield hit)
Pinch Hitting: RHB Ed Santibanez 0-0: Called Strike
0-1: Ball
Wild Pitch!
Bill Byford to second
1-1: Ball
2-1: Ground out 6-3 (Groundball, 6, EV 82.5 MPH)
Batting: SHB Tyler Maddux 0-0: Ball
1-0: Ground out 5-3 (Groundball, 56, EV 104.4 MPH)
Batting: RHB Wiliama Dana 0-0: Ball
1-0: Ball
2-0: Ball
3-0: Called Strike
3-1: Base on Balls
Batting: LHB Orlando Rivera 0-0: Ground out 6-3 (Groundball, 6MD, EV 80.6 MPH)
Top of the 7th over - 0 runs, 1 hit, 0 errors, 2 left on base; Coastal Carolina University 1 - Mississippi State University 4
BOTTOM OF THE 7TH
Mississippi State University Bulldogs batting - Pitching for Coastal Carolina University Chanticleers : RHP Cody Wilharm
Pitching: LHP Jon Lizarraga
Now at SS: Avariyas Vipin
Now in LF: Ed Santibanez
Batting: RHB Jim Unknown 0-0: Called Strike
0-1: Ball
1-1: Called Strike
1-2: Ball
2-2: Ball
3-2: Strikes out looking
Pinch Hitting: LHB Dave Carlisle 0-0: Called Strike
0-1: Foul Ball, location: 2F
0-2: Ball
1-2: Strikes out looking
Batting: RHB Bill Barger 0-0: Ball
1-0: Foul Ball, location: 2F
1-1: Ball
2-1: Ball
3-1: Foul Ball, location: 2F
3-2: Foul Ball, location: 2F
3-2: Base on Balls
Batting: LHB Rich Matthews 0-0: Ball
1-0: Fly out, F6 (Popup, 6, EV 51.3 MPH)
Bottom of the 7th over - 0 runs, 0 hits, 0 errors, 1 left on base; Coastal Carolina University 1 - Mississippi State University 4
TOP OF THE 8TH
Coastal Carolina University Chanticleers batting - Pitching for Mississippi State University Bulldogs : RHP Boboy Cacabelos
Now at 2B: Jesse Levinson
Batting: RHB Steve Hutchins 0-0: Called Strike
0-1: Reached via error on a dropped throw from P, E3 (Groundball, 34S, EV 63.8 MPH)
Pinch Hitting: RHB Eric Zylstra 0-0: SINGLE (Line Drive, 8LS, EV 105.6 MPH)
Steve Hutchins to second
Pinch Hitting: SHB Chris Kennedy 0-0: Foul Ball, location: 2F
0-1: Foul Ball, location: 2F
0-2: Ball
1-2: Strikes out swinging
Batting: SHB Suzunosuke Yamaguchi 0-0: Called Strike
0-1: Ball
1-1: Swinging Strike
1-2: DOUBLE (Groundball, 5L, EV 103.1 MPH)
Steve Hutchins scores
Eric Zylstra to third
Pinch Hitting: LHB Ed Talamantes 0-0: Fly out, F4 (Popup, 34D, EV 66.9 MPH)
Pinch Hitting: LHB Jared Zulkowski 0-0: Ball
1-0: Ball
2-0: Foul Ball, location: 2F
2-1: Ground out 6-3 (Groundball, 6S, EV 72.5 MPH)
Top of the 8th over - 1 run, 2 hits, 1 error, 2 left on base; Coastal Carolina University 2 - Mississippi State University 4
BOTTOM OF THE 8TH
Mississippi State University Bulldogs batting - Pitching for Coastal Carolina University Chanticleers : LHP Jon Lizarraga
Now at 1B: Chris Kennedy
Now at SS: Takayuki Nakagawa
Now in LF: Josh Harden
Now in RF: Eric Zylstra
Pinch Hitting: RHB Bob Kreamer 0-0: Ball
1-0: Ball
2-0: Ball
3-0: Called Strike
3-1: Called Strike
3-2: Strikes out looking
Batting: RHB Axel Moltke 0-0: Ball
1-0: Ball
2-0: Foul Ball, location: 2F
2-1: Swinging Strike
2-2: Strikes out looking
Batting: LHB Rich Walker 0-0: Called Strike
0-1: Ball
1-1: Ball
2-1: Swinging Strike
2-2: Strikes out swinging
Bottom of the 8th over - 0 runs, 0 hits, 0 errors, 0 left on base; Coastal Carolina University 2 - Mississippi State University 4
TOP OF THE 9TH
Coastal Carolina University Chanticleers batting - Pitching for Mississippi State University Bulldogs : RHP Boboy Cacabelos
Pitching: RHP Sam Drews
Now at 3B: Andy Harris
Pinch Hitting: RHB Tom Murdock 0-0: Called Strike
0-1: Ball
1-1: Swinging Strike
1-2: Strikes out swinging
Pinch Hitting: RHB Mike Hendricks 0-0: Ball
1-0: Called Strike
1-1: Swinging Strike
1-2: Ground out 6-3 (Groundball, 6M, EV 100.6 MPH)
Pinch Hitting: SHB David Pettite 0-0: Ball
1-0: Ball
2-0: Foul Ball, location: 2F
2-1: Called Strike
2-2: Strikes out swinging
Top of the 9th over - 0 runs, 0 hits, 0 errors, 0 left on base; Coastal Carolina University 2 - Mississippi State University 4
Tuesday, September 13th , 2022 - OOTP Baseball 23.7 Build 88